 Dungeon Crawl Stone Soup version 0.30-a0-715-gdb4ae3ece1 (webtiles) character file.

Game seed: 5215034764758975240

7110 Newt the Cleaver (level 10, -5/76 HPs)
             Began as a Demonspawn Gladiator on Jan 24, 2023.
             Was an Elder of Okawaru.
             Killed from afar by an efreet (40 damage)
             ... with a bolt of fire
             ... on level 10 of the Dungeon.
             The game lasted 00:14:15 (11950 turns).

Newt the Cleaver (Demonspawn Gladiator)            Turns: 11950, Time: 00:14:15

Health: -5/76      AC: 11    Str: 25    XL:     10   Next: 85%
Magic:  15/17      EV: 13    Int: 15    God:    Okawaru [****..]
Gold:   511        SH: 11    Dex: 16    Spells: 16/19 levels left

rFire   . . .      SeeInvis .    n - +1 hand axe (freeze)
rCold   . . .      Faith    .    I - +0 kite shield
rNeg    . . .      Spirit   .    v - +0 ring mail of the Heavens {rElec Str+5 Dex+2}
rPois   .          Reflect  .    (helmet currently unavailable)
rElec   +          Harm     .    P - +2 cloak {rCorr}
rCorr   +          Rampage  .    (no gloves)
Will    .....                    (boots currently unavailable)
Stlth   +++                      H - amulet of magic regeneration
HPRegen 0.32/turn                S - +4 ring of slaying
MPRegen 0.55/turn                u - +6 ring of intelligence

@: appendages (expiring), heroic
A: talons 2, antennae 2, ignite blood 1, spiny 1, sharp scales 1
a: End Transformation, Renounce Religion, Heroism, Finesse


You were on level 10 of the Dungeon.
You worshipped Okawaru.
Okawaru was greatly pleased with you.
You had temporarily grown beastly talons.
You visited 2 branches of the dungeon, and saw 11 of its levels.
You also visited: Bailey.

You collected 687 gold pieces.
You spent 176 gold pieces at shops.

Inventory:

Hand Weapons
 a - a +0 rapier
 n - a +1 hand axe of freezing (weapon)
 y - a +0 heavy hammer
 L - a +2 hand axe
Missiles
 d - 4 throwing nets
 e - 3 javelins
 s - 3 atropa-tipped darts
 z - 41 poisoned darts
 E - 2 boomerangs
Armour
 b - a +0 leather armour
 c - a +1 helmet
 t - +0 steam dragon scales
 v - the +0 ring mail of the Heavens (worn) {rElec Str+5 Dex+2}
   (You found it on level 3 of the Dungeon)

   Str:       It affects your strength (+5).
   Dex:       It affects your dexterity (+2).
   rElec:     It insulates you from electricity.
 I - a +0 kite shield (worn)
 O - a +2 plate armour of willpower
 P - a +2 cloak of preservation (worn)
Jewellery
 k - a ring of willpower
 p - a ring of protection from cold
 q - a ring of protection from cold
 u - a +6 ring of intelligence (right hand)
 H - an amulet of magic regeneration (around neck)
 J - a ring of magical power
 K - a ring of protection from fire
 N - a ring of fire
 S - a +4 ring of slaying (left hand)
Wands
 A - a wand of polymorph (12)
 D - a wand of flame (72)
 G - a wand of paralysis (17)
Scrolls
 m - 5 scrolls of fog
 w - 2 scrolls of immolation
 x - a scroll of teleportation
 Q - a scroll of enchant weapon
 R - 4 scrolls of identify
Potions
 f - 4 potions of degeneration
 g - 3 potions of flight
 h - 6 potions of curing
 i - 2 potions of cancellation
 j - 2 potions of attraction
 l - a potion of magic
 o - a potion of brilliance {unknown}
 r - 2 potions of berserk rage
 B - a potion of haste
 C - a potion of ambrosia {unknown}
 F - 2 potions of might {unknown}
 M - a potion of lignification {unknown}
 T - a potion of heal wounds


   Skills:
 - Level 6.0(11.0) Fighting
 - Level 4.0(9.0) Short Blades
 - Level 9.0(14.0) Axes
 - Level 1.7(6.7) Throwing
 - Level 4.0(9.0) Armour
 - Level 2.6(7.6) Dodging
 - Level 2.0(7.0) Stealth
 - Level 4.0(9.0) Shields
 + Level 5.2 Spellcasting
 - Level 6.0 Transmutations
 - Level 5.0 Invocations


You had 16 spell levels left.
You knew the following spells:

 Your Spells              Type           Power      Damage    Failure   Level
a - Wereblood             Tmut           21%        N/A       7%          2
b - Beastly Appendage     Tmut           42%        N/A       4%          1

Your spell library contained the following spells:

 Spells                   Type           Power      Damage    Failure   Level
 Passwall                 Tmut/Erth      10%        N/A       24%         2
 Spider Form              Tmut/Pois      12%        N/A       43%         3
 Apportation              Tloc           6%         N/A       47%         1
 Magic Dart               Conj           12%        1d3       47%         1
 Slow                     Hex            12%        N/A       47%         1
 Blink                    Tloc           6%         N/A       63%         2
 Ensorcelled Hibernation  Hex/Ice        6%         N/A       63%         2
 Searing Ray              Conj           6%         2d4       63%         2
 Blade Hands              Tmut           10%        N/A       77%         5
 Confusing Touch          Hex            3%         N/A       85%         3
 Mephitic Cloud           Conj/Pois/Air  3%         N/A       85%         3
 Portal Projectile        Hex/Tloc       6%         N/A       85%         3
 Swiftness                Air            3%         N/A       85%         3
 Vampiric Draining        Necr           3%         2d6       85%         3
 Fulminant Prism          Conj/Hex       1%         3d5       99%         4
 Manifold Assault         Tloc           3%         N/A       99%         4
 Alistair's Intoxication  Tmut/Pois      8%         N/A       99%         5
 Storm Form               Tmut/Air       6%         N/A       100%        7
 Call Imp                 Summ           Unusable   N/A       N/A         2
 Tukima's Dance           Hex            Unusable   N/A       N/A         3

Dungeon Overview and Level Annotations

Branches:
Dungeon (10/15)            Temple (1/1) D:6            Lair (0/5) D:9
    Orc (0/2) D:9          Bailey (visited)

Altars:
Ashenzari
Cheibriados
Dithmenos
Fedhas
Gozag
Hepliaklqana
Kikubaaqudgha
Makhleb
Nemelex Xobeh
Okawaru
Qazlal
Ru
Sif Muna
Trog
Uskayaw
Vehumet
Wu Jian
Xom
Yredelemnul

Shops:
D:3 *   D:5 [   D:9 ?


Innate Abilities, Weirdness & Mutations

You have temporarily grown beastly talons.
You have a pair of antennae on your head.
Your demonic aura sometimes causes spilled blood to erupt in flames.
You are partially covered in sharp spines.
You are partially covered in razor-sharp scales. (AC +1, Slay +1)


Message History

The smoke demon is almost dead.
You completely miss the kobold brigand. You closely miss the orc wizard.
You slash the kobold! You freeze the kobold.
You kill the kobold!
You barely miss the efreet. You completely miss the yak.
You barely miss the smoke demon. You claw the smoke demon.
You kill the smoke demon!
Okawaru accepts your kill.
You hit the efreet but do no damage. You hit the yak but do no damage.
You hit the kobold brigand. You freeze the kobold brigand.
You slash the orc wizard! You freeze the orc wizard.
You kill the orc wizard!
Okawaru accepts your kill. The yak gores you!
The kobold brigand is struck by your spines.
The kobold brigand hits you but does no damage.
The efreet gestures at you. The bolt of fire hits you!
The bolt of fire hits the kobold!!
The kobold dies!
The yak gores you but does no damage.
The kobold brigand is struck by your spines.
The kobold brigand hits you with a +0 club.
The efreet is struck by your spines.
The efreet hits you with the +7 great mace "Firestarter" {flame, inner flame, rFlCloud rF++}!!
* * * LOW HITPOINT WARNING * * *
The efreet burns you.
* * * LOW HITPOINT WARNING * * *
Unknown command.
You feel much better.
The kobold brigand is struck by your spines.
The kobold brigand hits you with a +0 club.
You block the yak's attack. You block the efreet's attack.
You gain the combat prowess of a mighty hero.
The kobold brigand is struck by your spines.
The kobold brigand misses you. You block the yak's attack.
An orc wizard comes into view. It is wielding a +0 dagger.
The efreet gestures at you. The bolt of fire hits you!!!
Ouch! That really hurt!
You die...

######### #...# #.......#
#...# #.......###...# #
#.............# ..
#.............. ...######
#..............
........####..............
....!....)K...............
........R@))..............
........Y.)).....!........
.......#######o...........
######☼ #..#+###.$... #☼
#..# #..... #3 #..# #.....
#R .# #..... #○ #..... #.
......


You could see a yak, an efreet, a kobold brigand and an orc wizard.

Vanquished Creatures
  A two-headed ogre (D:10)
  Pikel (D:7)
  A smoke demon (D:10)
  12 yaks
  A wyvern (D:7)
  2 fire elementals (D:10)
  2 steam dragons
  Menkaure (D:6)
  2 water moccasins (D:8)
  3 ice beasts
  6 orc warriors
  2 sky beasts
  An ogre (D:5)
  A phantom (D:5)
  4 centaurs
  4 kobold brigands
  3 bullfrogs
  2 necrophages
  A scorpion (D:6)
  3 wights (D:7)
  2 howler monkeys (D:9)
  A jelly (D:7)
  5 orc priests
  A hound (D:4)
  Crazy Yiuf (D:4)
  A gnoll bouda (D:6)
  An iguana (D:6)
  10 orc wizards
  Robin (D:4)
  7 gnolls
  8 adders
  2 white imps
  3 ufetubi
  A worm (D:5)
  3 dart slugs
  69 orcs
  3 endoplasms
  A giant cockroach (D:1)
  17 goblins
  7 hobgoblins
  5 jackals
  28 kobolds
  7 quokkas
  8 ball pythons
  2 bats (D:1)
  5 frilled lizards (D:2)
  10 rats
262 creatures vanquished.

Vanquished Creatures (others)
  A yak (D:10)
  A kobold (D:10)
  A plant (D:5)
3 creatures vanquished.

Grand Total: 265 creatures vanquished

Notes
Turn   | Place    | Note
-------+----------+-------------------------------------------
     0 | D:1      | Newt the Demonspawn Gladiator began the quest for the Orb.
     0 | D:1      | Reached XP level 1. HP: 16/16 MP: 1/1
   126 | D:1      | Reached skill level 1 in Stealth
   198 | D:1      | Gained mutation: You are partially covered in razor-sharp
                  | scales. (AC +1, Slay +1) [demonic ancestry]
   198 | D:1      | Reached XP level 2. HP: 22/22 MP: 2/2
   692 | D:2      | Reached XP level 3. HP: 27/28 MP: 3/3
  1130 | D:2      | Gained mutation: You have a pair of small antennae on your
                  | head. [demonic ancestry]
  1130 | D:2      | Reached XP level 4. HP: 20/37 MP: 4/4
  1944 | D:3      | Gained mutation: You have a pair of antennae on your head.
                  | [demonic ancestry]
  1944 | D:3      | Reached XP level 5. HP: 9/42 MP: 5/5
  1986 | D:3      | Identified the +0 ring mail of the Heavens {rElec Str+5
                  | Dex+2}
  2130 | D:3      | Learned a level 2 spell: Wereblood
  2315 | D:3      | Found Goqeg's General Store.
  2321 | D:3      | Bought a scroll of identify for 24 gold pieces
  2580 | D:4      | Reached skill level 1 in Spellcasting
  2580 | D:4      | Reached skill level 1 in Transmutations
  2881 | D:4      | Found a runed translucent door.
  2882 | D:4      | Noticed Crazy Yiuf
  2895 | D:4      | Killed Crazy Yiuf
  3064 | D:4      | Reached XP level 6. HP: 46/48 MP: 8/8
  3223 | D:4      | Noticed Robin
  3230 | D:4      | Killed Robin
  3557 | D:5      | Entered Level 5 of the Dungeon
  3824 | D:5      | Gained mutation: Your demonic aura sometimes causes spilled
                  | blood to erupt in flames. [demonic ancestry]
  3824 | D:5      | Reached XP level 7. HP: 54/54 MP: 11/11
  4103 | D:5      | Found Xiehar's Antique Armour Shop.
  5576 | D:6      | Noticed Menkaure
  5586 | D:6      | Killed Menkaure
  5587 | D:6      | Reached skill level 1 in Axes
  5704 | D:6      | Reached skill level 2 in Axes
  5764 | D:6      | Found a staircase to the Ecumenical Temple.
  6071 | D:6      | Reached skill level 3 in Axes
  6071 | D:6      | Reached XP level 8. HP: 12/60 MP: 14/14
  6595 | Temple   | Entered the Ecumenical Temple
  6695 | Temple   | Became a worshipper of Warmaster Okawaru
  6767 | D:6      | HP: 1/60 [ice beast (14)]
  6770 | D:6      | Reached skill level 4 in Axes
  7178 | D:7      | Reached skill level 5 in Axes
  7413 | D:7      | HP: 1/55 [wight/+2 falchion (7)]
  7685 | D:7      | Reached skill level 5 in Fighting
  7990 | D:7      | Reached skill level 1 in Shields
  8323 | D:7      | Reached * piety under Okawaru
  8365 | D:7      | Noticed Pikel
  8370 | D:7      | Gained mutation: You are partially covered in sharp spines.
                  | [demonic ancestry]
  8370 | D:7      | Reached XP level 9. HP: 57/69 MP: 15/15
  8377 | D:7      | Killed Pikel
  8752 | D:7      | Found a burning altar of Makhleb.
  8900 | D:7      | Reached skill level 1 in Invocations
  9244 | D:8      | Reached ** piety under Okawaru
  9279 | D:8      | Reached skill level 5 in Invocations
  9421 | D:8      | Found a flagged portal.
  9429 | Bailey   | Entered a bailey
  9829 | Bailey   | Reached skill level 6 in Axes
 10185 | D:8      | Learned a level 1 spell: Beastly Appendage
 10279 | D:8      | Found a shadowy altar of Dithmenos.
 10280 | D:8      | Found a bloodstained altar of Trog.
 10282 | D:8      | Found a broken altar of Ashenzari.
 10515 | D:9      | Reached XP level 10. HP: 64/76 MP: 16/16
 10527 | D:9      | Reached skill level 7 in Axes
 10841 | D:9      | Found The Oracle's Delphic Readings.
 10845 | D:9      | Bought a scroll of enchant weapon for 120 gold pieces
 10845 | D:9      | Bought a scroll of identify for 32 gold pieces
 10869 | D:9      | Reached *** piety under Okawaru
 10944 | D:9      | Found a staircase to the Orcish Mines.
 11085 | D:9      | Found a staircase to the Lair.
 11128 | D:9      | Reached skill level 8 in Axes
 11503 | D:9      | Found an opulent altar of Gozag.
 11552 | D:10     | Entered Level 10 of the Dungeon
 11588 | D:10     | Reached skill level 9 in Axes
 11659 | D:10     | Found a hide-covered altar of Uskayaw.
 11661 | D:10     | Noticed a two-headed ogre
 11674 | D:10     | Killed a two-headed ogre
 11675 | D:10     | Reached skill level 5 in Transmutations
 11894 | D:10     | Noticed a molten gargoyle
 11894 | D:10     | Noticed a molten gargoyle
 11896 | D:10     | Noticed a molten gargoyle
 11898 | D:10     | Noticed a molten gargoyle
 11929 | D:10     | Reached **** piety under Okawaru
 11937 | D:10     | Noticed a smoke demon
 11940 | D:10     | Reached skill level 5 in Spellcasting
 11948 | D:10     | Killed a smoke demon
 11950 | D:10     | Killed from afar by an efreet

Illustrated notes

Levels and vault maps discovered:
D:1:      dpeg_arrival_more_subterranean_lakeside_camping, layout_loops_cross
D:2:      layout_basic
D:3:      layout_basic, serial_shops, shop_fountains, serial_corexii_hall,
          chequers_hall_statues_wall_a, corexii_hall_statues_i
D:4:      layout_loops_ring, uniq_crazy_yiuf_cottage, uniq_robin
D:5:      layout_basic, serial_shops, nicolae_shop_overgrown_old_shop,
          minmay_checkerbox
D:6:      layout_loops_corners, minmay_temple_entry_fiery, uniq_menkaure
D:7:      layout_basic, mainiacjoe_overflow_tiny_flanked, uniq_pikel
D:8:      layout_basic, mainiacjoe_overflow_alcove_3, enter_bailey_3
D:9:      layout_basic, nicolae_gozag_cash_rules_everything_around_me,
          dpeg_oklobed_lair, david_orc_2, nicolae_nh_oracle_at_delphi
D:10:     minmay_firetagon, layout_irregular_city, mainiacjoe_overflow_paths,
          minivault_8
Temple:   regret_index_temple_waves

Skill      XL: |  1  2  3  4  5  6  7  8  9 10 |
---------------+-------------------------------+-----
Stealth        | 1 2 |  2.0
Fighting       | 3 4 6 |  6.0
Short Blades   | 3 4 |  4.0
Spellcasting   | 1 3 4 5 |  5.2
Transmutations | 1 3 4 6 |  6.0
Axes           | 3 5 6 9 |  9.0
Shields        | 3 4 |  4.0
Armour         | 4 |  4.0
Invocations    | 5 |  5.0
Throwing       | |  1.7
Dodging        | |  2.6

Action                     |  1- 3 |  4- 6 |  7- 9 | 10-12 || total
---------------------------+-------+-------+-------+-------++-------
  Melee: Rapier            |   132 |   134 |       |       ||   266
         Mace              |       |    78 |    11 |       ||    89
         Punch             |       |     3 |     1 |       ||     4
         Hand axe          |       |       |   320 |   102 ||   422
         Kick              |       |       |     1 |    23 ||    24
  Throw: Throwing net      |       |     5 |     6 |     2 ||    13
         Dart              |       |     3 |       |     5 ||     8
         Javelin           |       |       |     1 |       ||     1
   Cast: Wereblood         |       |       |    16 |     7 ||    23
         Beastly Appendage |       |       |     1 |     4 ||     5
 Invoke: Heroism           |       |       |       |     1 ||     1
  Evoke: Wand              |       |       |     1 |     1 ||     2
    Use: Scroll            |     7 |     2 |     6 |     1 ||    16
         Potion            |     2 |     1 |     5 |     1 ||     9
   Stab: Sleeping          |     1 |     2 |     3 |       ||     6
         Held in net/web   |       |       |     2 |       ||     2
         Paralysed         |       |       |     1 |     3 ||     4
         Distracted        |       |       |     1 |     1 ||     2
 Armour: Leather armour    |    49 |    13 |       |       ||    62
         Ring mail         |       |    83 |    97 |    26 ||   206
  Dodge: Dodged            |    99 |   188 |   181 |    45 ||   513
  Block: Kite shield       |       |       |   114 |    53 ||   167

Table legend: (Time is in decaauts)
 A = Elapsed time spent in this place.
 B = Non-inter-level travel time spent in this place.
 C = Inter-level travel time spent in this place.
 D = Time resting spent in this place.
 E = Time spent auto-exploring this place.
 F = Levels seen in this place.
 G = Mean time per level.
                   A        B        C        D        E       F      G
               +--------+--------+--------+--------+--------+-----+--------+
         Total |  12158 |  11747 |    411 |   3618 |   5985 |  12 | 1013.2 |
       Dungeon |  11333 |  10957 |    376 |   3293 |   5761 |  10 | 1133.3 |
        Temple |    125 |     91 |     34 |      0 |     77 |   1 |  125.0 |
        Bailey |    700 |    700 |      0 |    325 |    146 |   1 |  700.0 |
               +--------+--------+--------+--------+--------+-----+--------+

Top non-repeatable levels by time:
     D:6: 2111 daAuts
     D:7: 1990 daAuts
     D:4: 1238 daAuts
     D:5: 1222 daAuts
     D:9: 1191 daAuts
     D:2: 1053 daAuts
     D:3: 820 daAuts
  Bailey: 700 daAuts
     D:1: 668 daAuts
     D:8: 637 daAuts
    D:10: 398 daAuts
  Temple: 125 daAuts
